 Dungeon Crawl Stone Soup version 0.30-a0-339-g89bb51ec76 (webtiles) character file.

Game seed: 2348417857166750160

18 sanka the Caller (level 2, 0/20 HPs)
             Began as a Demigod Summoner on Oct 31, 2022.
             Slain by an adder (3 damage)
             ... on level 2 of the Dungeon.
             The game lasted 00:02:34 (1331 turns).

sanka the Caller (Demigod Summoner)                 Turns: 1331, Time: 00:02:34

Health: 0/20       AC:  2    Str:  9    XL:     2   Next: 36%
Magic:  3/7        EV: 12    Int: 17    God:
Gold:   35         SH:  0    Dex: 14    Spells: 2/5 levels left

rFire   . . .      SeeInvis .    k - +0 mace
rCold   . . .      Faith    .    (no shield)
rNeg    . . .      Spirit   .    a - +0 robe
rPois   .          Reflect  .    (no helmet)
rElec   .          Harm     .    (no cloak)
rCorr   .          Rampage  .    (no gloves)
Will    .....                    (no boots)
Stlth   ++........               (no amulet)
HPRegen 0.23/turn                (no ring)
MPRegen 0.10/turn                (no ring)

@: no status effects
A: high MP 1, forlorn, divine attributes
a: no special abilities


You were on level 2 of the Dungeon.
You visited 1 branch of the dungeon, and saw 2 of its levels.

You collected 35 gold pieces.


Innate Abilities, Weirdness & Mutations

You have an increased reservoir of magic. (+10% MP)
You shall have no god before yourself.
Your divine heritage dramatically boosts your attributes as you level up.


   Skills:
 - Level 1.7 Dodging
 - Level 1.7 Stealth
 - Level 2.0 Spellcasting
 + Level 4.2 Summonings


You had 2 spell levels left.
You knew the following spells:

 Your Spells              Type           Power      Damage    Failure   Level
x - Call Imp              Summ           16%        N/A       5%          2
z - Summon Small Mammal   Summ           64%        N/A       3%          1

Your spell library contained the following spells:

 Spells                   Type           Power      Damage    Failure   Level
 Call Canine Familiar     Summ           16%        N/A       11%         3
 Summon Guardian Golem    Hex/Summ       8%         N/A       24%         3
 Ignite Poison            Fire/Tmut/Pois 1%         N/A       50%         3
 Kindle Blastsparks       Fire/Tloc/Air  2%         2d10      50%         3
 Summon Lightning Spire   Summ/Air       8%         N/A       63%         4
 Freezing Cloud           Conj/Ice/Air   0%         6-21      99%         5

Inventory:

Hand Weapons
 e - a +0 dagger
 g - a +0 short sword
 k - a +0 mace (weapon)
Armour
 a - a +0 robe (worn)
Magical Staves
 d - a staff of conjuration {!a}
Scrolls
 c - 3 scrolls of identify {unknown}
 h - a scroll of amnesia {unknown}
 m - a scroll of blinking {unknown}
 n - a scroll of fear {unknown}
Potions
 b - 2 potions of magic
 f - a potion of lignification {unknown}
 i - a potion of haste {unknown}
 j - a potion of heal wounds {unknown}
 l - a potion of resistance {unknown}

Dungeon Overview and Level Annotations

Branches:
Dungeon (2/15)

Shops:
D:1 : D:2

( ..▒▒▒▒▒▒.▒ ▒▒▒▒▒▒▒▒.▒.▒▒.
.......... .......<......
▒▒.▒▒▒▒▒▒▒▒▒▒▒▒
▒▒▒▒▒▒▒▒▒▒▒▒▒.▒▒.
.▒............. ... ...
.▒.▒▒▒▒.▒▒▒▒.▒▒ ▒.▒ ▒▒▒
.▒.▒).'.'..▒.▒ +.+
.▒.▒..▒.▒..▒.▒ ▒.▒ ▒
.▒.▒▒+▒.▒▒+▒.▒▒+▒.▒▒+▒.▒▒+▒.
.▒..............pS..........
▒▒.▒▒+▒.▒▒'▒.▒▒+▒5▒▒+▒.▒▒+▒.
.▒. ▒.▒..▒.▒..▒.▒ ▒ .▒
▒.▒..+.'..▒#▒ .▒
▒.▒▒▒▒.▒▒▒▒.▒▒▒▒.▒ .▒
.................†.. .▒
▒▒▒▒▒▒▒▒▒▒▒▒▒▒▒▒▒▒▒▒ .▒ ▒▒


You could see an adder (ally target) and a friendly crimson imp (summoned).


Message History

A beastly little devil appears in a puff of flame.
The adder bites you but does no damage.
Your crimson imp barely misses the adder.
You hit the adder.
The adder is severely wounded.
The adder bites you.
* * * LOW HITPOINT WARNING * * *
Your crimson imp hits the adder but does no damage.
The adder bites you.
* * * LOW HITPOINT WARNING * * *
You miss the adder.
The adder is severely wounded.
Your crimson imp misses the adder.
The adder bites you.
* * * LOW HITPOINT WARNING * * *
Unknown command.
You barely miss the adder.
The adder is severely wounded.
The adder bites you.
* * * LOW HITPOINT WARNING * * *
The adder barely misses you.
Unknown command.
You hit the adder but do no damage.
The adder is severely wounded.
The adder bites you.
* * * LOW HITPOINT WARNING * * *
The adder bites you but does no damage.
A beastly little devil appears in a puff of flame.
The adder bites you.
You die...

Action                   || total
-------------------------++-------
Melee: Short sword       ||    16
       Unarmed           ||     2
       Mace              ||     8
 Cast: Summon Small Mamm ||    20
       Call Imp          ||     2
 Stab: Sleeping          ||     3
Armor: Robe              ||     5
Dodge: Dodged            ||     6

Levels and vault maps discovered:
D:1:      spicycebolla_arrival_ecumenical, layout_basic, serial_shops,
          nicolae_lakefront_shop, patterned_corridor
D:2:      minmay_door_path, layout_basic, serial_shops, shop

Notes
Turn   | Place    | Note
-------+----------+-------------------------------------------
     0 | D:1      | sanka the Demigod Summoner began the quest for the Orb.
     0 | D:1      | Reached XP level 1. HP: 14/14 MP: 5/5
   192 | D:1      | Reached skill level 2 in Spellcasting
   605 | D:1      | Reached skill level 4 in Summonings
   734 | D:1      | Reached XP level 2. HP: 16/20 MP: 5/7
   756 | D:1      | Learned a level 2 spell: Call Imp
   766 | D:1      | Found Neim Tou's Book Shoppe.
  1145 | D:2      | Found Futoe's Antique Weapon Shop.
  1330 | D:2      | HP: 2/20 [adder (1)]
  1331 | D:2      | Slain by an adder

Vanquished Creatures
  A dart slug (D:1)
  An endoplasm (D:2)
  A goblin (D:1)
  3 hobgoblins
  2 bats (D:1)
8 creatures vanquished.

Vanquished Creatures (collateral kills)
  An endoplasm (D:1)
  2 goblins
  A hobgoblin (D:2)
  A kobold (D:1)
  A rat (D:2)
6 creatures vanquished.

Grand Total: 14 creatures vanquished
